 Dungeon Crawl Stone Soup version 0.31.0-11-ge490571c62 (webtiles) character file.

Game seed: 6058090372208769602

67 Zeia the Trooper (level 3, -4/34 HPs)
             Began as a Minotaur Fighter on Jan 26, 2024.
             Slain by a gnoll bouda
             ... wielding a +0 club
              (6 damage)
             ... on level 3 of the Dungeon.
             The game lasted 00:02:04 (1592 turns).

Zeia the Trooper (Minotaur Fighter)                 Turns: 1592, Time: 00:02:04

Health: -4/34      AC:  7    Str: 22    XL:     3   Next: 98%
Magic:  2/2        EV:  9    Int:  5    God:
Gold:   174        SH:  4    Dex:  9    Spells: 2/2 levels left

rFire   . . .        a - +0 war axe
rCold   . . .        c - +0 buckler
rNeg    . . .        b - +0 scale mail
rPois   .            (helmet restricted)
rElec   .            (no cloak)
rCorr   .            (no gloves)
SInv    .            (no boots)
Will    .....        (no amulet) Stlth
                     (no ring)
HPRegen 0.25/turn    (no ring)
MPRegen 0.08/turn

%: no passive effects
@: brilliant, weakened
A: horns 2, retaliatory headbutt
a: no special abilities


You were on level 3 of the Dungeon.
You visited 1 branch of the dungeon, and saw 3 of its levels.

You collected 174 gold pieces.

Inventory:

Hand Weapons
 a - a +0 war axe (weapon)
Armour
 b - a +0 scale mail (worn)
 c - a +0 buckler (worn)
Jewellery
 e - a ring of fire
 j - an amulet of the acrobat
Wands
 m - a wand of flame (21)
Scrolls
 f - a scroll of identify {unknown}
 g - 2 scrolls of fog {unknown}
 h - 2 scrolls of brand weapon {unknown}
 k - a scroll of amnesia {unknown}
 r - 2 scrolls of butterflies {unknown}
Potions
 d - a potion of might
 i - a potion of haste {unknown}
 l - a potion of brilliance
 n - 3 potions of curing {unknown}
 o - a potion of degeneration {unknown}
 p - a potion of magic {unknown}
 q - a potion of resistance {unknown}


   Skills:
 + Level 4.5 Fighting
 + Level 3.5 Axes
 + Level 4.4 Armour
 - Level 3.6 Shields


You had 2 spell levels left.
You didn't know any spells.
Your spell library was empty.

Dungeon Overview and Level Annotations

Branches:
Dungeon (3/15)

Altars:

Shops:
D:2 (*


Innate Abilities, Weirdness & Mutations

You have a pair of horns on your head.
You reflexively headbutt those who attack you in melee.


Message History

The gnoll bouda gazes fiercely through you!
You feel your attacks grow feeble.
The gnoll is no longer moving quickly.
The gnoll bouda attacks as it pursues you!
The gnoll bouda hits you with a +0 club!
You hit the gnoll bouda.
The gnoll bouda is lightly wounded.
The gnoll is no longer moving quickly.
The gnoll bouda gazes fiercely through you!
You feel as though you will be weak longer.
The gnoll bouda hits you with a +0 club!
You slash the gnoll bouda!
The gnoll bouda is heavily wounded.
The gnoll bouda hits you but does no damage.
The gnoll bouda hits you with a +0 club!
* * * LOW HITPOINT WARNING * * *
You barely miss the gnoll bouda. You headbutt the gnoll bouda.
The gnoll bouda is severely wounded.
The gnoll is no longer moving quickly.
The gnoll bouda hits you but does no damage.
You closely miss the gnoll bouda.
The gnoll bouda is severely wounded.
The gnoll bouda barks out a call to the hunt!
The gnolls pick up the pace!
The frilled lizard unfolds its giant frill.
You closely miss the gnoll bouda. You headbutt the gnoll bouda.
The gnoll bouda is almost dead.
The gnoll bouda hits you with a +0 club.
* * * LOW HITPOINT WARNING * * *
The gnoll bouda prays to its god.
The gnoll bouda is healed somewhat.
You hit the gnoll bouda but do no damage.
The gnoll bouda is severely wounded.
The gnoll bouda gazes fiercely through you!
You feel as though you will be weak longer.
The gnoll bouda closely misses you.
It was a potion of brilliance.
You feel clever all of a sudden.
The gnoll bouda hits you with a +0 club.
You die...

##.................
#>.........##.#.#.#
##.#..###..# .# #
#.#..# #.....#
#.#..######.#
#.#..#... ...
#.#..#.#### .##
#.#.††....# ..
#....#.##@#
#....#.##g#
#....#..lS# #
#..#....Kg#.#
####.####g#.# .
#.....r..#
..######.###
......=#.#######
#..r...#.......#


You could see a gnoll bouda, 2 gnolls, an adder, a kobold, a frilled lizard and
a rat.

Vanquished Creatures
  A gnoll (D:1)
  An adder (D:2)
  A dart slug (D:1)
  4 bats
  4 endoplasms
  3 giant cockroaches (D:1)
  2 goblins (D:1)
  3 hobgoblins
  4 jackals (D:3)
  3 quokkas (D:1)
  7 ball pythons
  3 frilled lizards
  3 kobolds
  3 rats
42 creatures vanquished.

Notes
Turn   | Place    | Note
-------+----------+-------------------------------------------
     0 | D:1      | Zeia the Minotaur Fighter began the quest for the Orb.
     0 | D:1      | Reached XP level 1. HP: 19/19 MP: 0/0
    53 | D:1      | Reached XP level 2. HP: 26/27 MP: 1/1
   314 | D:1      | Reached XP level 3. HP: 33/33 MP: 2/2
   781 | D:2      | Found Waunest's Assorted Antiques.
  1281 | D:2      | Found a faded altar of an unknown god.
  1356 | D:2      | Found Seith's Weapon Emporium.
  1590 | D:3      | HP: 1/34 [gnoll bouda/+0 club (6)]
  1592 | D:3      | Slain by a gnoll bouda

Illustrated notes

Levels and vault maps discovered:
D:1:      sevenhm_arrival_forest_fort_small_5, layout_basic
D:2:      layout_loops_ring, serial_shops, nicolae_shop_tiny_glass, shop,
          hellmonk_ecumenical_altar_arch_garden, minmay_shallow_snake_nest
D:3:      layout_basic, grunt_decor_mini_mirrors, nicolae_grassy_gnolls

Skill      XL: |  1  2 |
---------------+-------+-----
Fighting       | 4 |  4.5
Armour         | 4 |  4.4
Axes           | 3 |  3.5
Shields        | |  3.6

Action                     || total
---------------------------++-------
  Melee: War axe           ||    79
         Headbutt          ||    10
    Use: Potion            ||     1
 Armour: Scale mail        ||    58
  Dodge: Dodged            ||    27
  Block: Buckler           ||    14
